 Dungeon Crawl Stone Soup version 0.31-a0-154-g56bf346678 (webtiles) character file.

Game seed: 6949218129828419184

11 jasper the Caller (level 2, -1/13 HPs)
             Began as a Spriggan Summoner on June 11, 2023.
             Slain by a gnoll
             ... wielding a +0 flail
              (14 damage)
             ... on level 1 of the Dungeon.
             The game lasted 00:01:20 (338 turns).

jasper the Caller (Spriggan Summoner)                Turns: 338, Time: 00:01:20

Health: -1/13      AC:  2    Str:  4    XL:     2   Next: 13%
Magic:  7/7        EV: 17    Int: 16    God:
Gold:   15         SH:  0    Dex: 15    Spells: 4/7 levels left

rFire   . . .        g - +4 short sword
rCold   . . .        (no shield)
rNeg    . . .        a - +0 robe
rPois   .            (helmet restricted)
rElec   .            (no cloak)
rCorr   .            (gloves unavailable)
SInv    +            (boots unavailable)
Will    .....        (no amulet)
Stlth   ++           (no ring)
HPRegen 0.22/turn    (no ring)
MPRegen 0.10/turn

%: no passive effects
@: very quick
A: very small, no large weapons, unfitting armour, see invisible, speed 3
a: no special abilities


You were on level 1 of the Dungeon.
You visited 1 branch of the dungeon, and saw 1 of its levels.

You collected 15 gold pieces.

Inventory:

Hand Weapons
 c - a +0 short sword
 g - a +4 short sword (weapon)
Armour
 a - a +0 robe (worn)
Scrolls
 d - a scroll of teleportation {unknown}
 e - a scroll of silence {unknown}
 f - a scroll of butterflies {unknown}
Potions
 b - a potion of magic
 h - a potion of mutation {unknown}


   Skills:
 - Level 2.6 Dodging
 - Level 3.0 Stealth
 - Level 3.0 Spellcasting
 + Level 3.6 Summonings


You had 4 spell levels left.
You knew the following spells:

 Your Spells              Type           Power      Damage    Failure   Level
a - Summon Small Mammal   Summ           56%        N/A       4%          1
b - Call Imp              Summ           28%        N/A       6%          2

Your spell library contained the following spells:

 Spells                   Type           Power      Damage    Failure   Level
 Call Canine Familiar     Summ           14%        N/A       13%         3
 Summon Guardian Golem    Hex/Summ       8%         N/A       26%         3
 Summon Lightning Spire   Summ/Air       8%         N/A       65%         4


Dungeon Overview and Level Annotations

Branches:
Dungeon (1/15)

Altars:


Innate Abilities, Weirdness & Mutations

You are very small and have problems with some larger weapons.
You are too small for most types of armour.
You have supernaturally acute eyesight. (SInv)
You cover ground extremely quickly. (Speed+++)


Message History

* * * LOW HITPOINT WARNING * * *
Your quokka bites the hobgoblin but does no damage.
You take 2 damage, and have 2/13 hp.
Your quokka completely misses the hobgoblin.
Your rat bites the hobgoblin.
You swap places.
The hobgoblin misses you.
Your quokka bites the hobgoblin.
The hobgoblin dies!
You see here a hobgoblin corpse.
Memorise Call Imp, consuming 2 spell levels and leaving 4?
You start memorising the spell.
You continue memorising. x2
You finish memorising.
Spell assigned to 'b'.
Your rat disappears in a puff of smoke!
Your quokka disappears in a puff of smoke!
HP restored.
h - a black potion Health restored: 13; MP restored: 7
Found 5 stones.
A bat comes into view.
Found 5 gold pieces.
Casting: Call Imp (safe; 6% risk of failure)
Press: ? - help, Q - select action, (/) - cycle Dir - look around, f - activate A tiny devil pulls itself out of the air.
The bat hits you but does no damage.
You now have 5/7 mp.
The bat completely misses you.
You hit the bat.
You kill the bat!
You see here a bat corpse.
Your cerulean imp disappears in a puff of smoke!
You now have 15 gold pieces (gained 5).
Found a stone staircase leading down.
MP restored: 7 A rat comes into view.
A rat is nearby!
A rat is nearby!
A gnoll comes into view. It is wielding a +0 flail.
The gnoll shouts!
The gnoll hits you with a +0 flail!
Ouch! That really hurt!
You die...

.#.#....... #...#.####
.#.### #...#... #.#...
#...#.#### ##.#..#
.###..(..#.# ##.....#
#...####.#.####......#
#..## #.............#
#..####....####r....#
#..............g@...#
#..##.##.#..#####.###
#.....†.....# #.#
##.##.#.....# #.#
#......#...# ##.## #
######.....# #...###.#
##.#### #..>....#
#.#######.........
#...........######


You could see a gnoll and a rat.

Vanquished Creatures
  2 bats (D:1)
  An endoplasm (D:1)
  A hobgoblin (D:1)
  A kobold (D:1)
5 creatures vanquished.

Vanquished Creatures (collateral kills)
  A goblin (D:1)
  A hobgoblin (D:1)
  2 quokkas (D:1)
4 creatures vanquished.

Grand Total: 9 creatures vanquished

Notes
Turn   | Place    | Note
-------+----------+-------------------------------------------
     0 | D:1      | jasper the Spriggan Summoner began the quest for the Orb.
     0 | D:1      | Reached XP level 1. HP: 9/9 MP: 5/5
   229 | D:1      | Reached XP level 2. HP: 4/13 MP: 4/7
   238 | D:1      | Learned a level 2 spell: Call Imp
   338 | D:1      | Slain by a gnoll

Illustrated notes

Levels and vault maps discovered:
D:1:      eino_arrival_cavern_e, layout_loops_ring,
          shapermc_ecumenical_altar_mp_highgroup

Skill      XL: |  1 |
---------------+----+-----
Spellcasting   | 3 |  3.0
Dodging        | |  2.6
Stealth        | |  3.0
Summonings     | |  3.6

Action                     || total
---------------------------++-------
  Melee: Short sword       ||    17
   Cast: Summon Small Mamm ||    13
         Call Imp          ||     1
 Armour: Robe              ||     5
  Dodge: Dodged            ||    11

Table legend: (Time is in decaauts)
 A = Elapsed time spent in this place.
 B = Non-inter-level travel time spent in this place.
 C = Inter-level travel time spent in this place.
 D = Time resting spent in this place.
 E = Time spent auto-exploring this place.
 F = Levels seen in this place.
 G = Mean time per level.
                   A        B        C        D        E       F      G
               +--------+--------+--------+--------+--------+-----+--------+
         Total |    283 |    283 |      0 |     42 |    117 |   1 |  283.0 |
       Dungeon |    283 |    283 |      0 |     42 |    117 |   1 |  283.0 |
               +--------+--------+--------+--------+--------+-----+--------+

Top non-repeatable levels by time:
     D:1: 283 daAuts
